 Dungeon Crawl Stone Soup version 0.30.0-18-gc0e69614cb (webtiles) character file.

Game seed: 655890285463866163

20 IndexError the Ruffian (level 2, 0/23 HPs)
             Began as a Draconian Transmuter on May 25, 2023.
             Slain by Terence
             ... wielding a +0 flail
              (4 damage)
             ... on level 2 of the Dungeon.
             The game lasted 00:01:15 (1367 turns).

IndexError the Ruffian (Draconian Transmuter)       Turns: 1367, Time: 00:01:16

Health: 0/23       AC:  5    Str: 12    XL:     2   Next: 58%
Magic:  5/5        EV: 12    Int: 13    God:
Gold:   90         SH:  0    Dex: 11    Spells: 4/5 levels left

rFire   . .          .
                       - Unarmed
rCold   . . .        (no shield)
rNeg    . . .        (body armour unavailable)
rPois   .            (helmet currently unavailable)
rElec   .            f - +0 cloak
rCorr   .            (no gloves)
SInv    .            (boots currently unavailable)
Will    .....        (no amulet)
Stlth   +            (no ring)
HPRegen 0.23/turn    (no ring)
MPRegen 0.09/turn

%: no passive effects
@: appendages (expiring)
A: horns 2, talons 2, AC +4, unfitting armour, cold-blooded
a: End Transformation


You were on level 2 of the Dungeon.
You had temporarily grown beastly horns and talons.
You visited 1 branch of the dungeon, and saw 2 of its levels.

You collected 90 gold pieces.

Inventory:

Armour
 f - a +0 cloak (worn)
   (You found it on level 1 of the Dungeon)
Scrolls
 b - a scroll of torment {unknown}
 e - 3 scrolls of identify {unknown}
 g - a scroll of fear {unknown}
 h - a scroll of poison {unknown}
Potions
 a - a potion of lignification {!q}
 c - a potion of brilliance {unknown}
 d - a potion of curing {unknown}
 j - a potion of attraction {unknown}


   Skills:
 - Level 1.1 Fighting
 - Level 1.7 Dodging
 + Level 1.1 Stealth
 + Level 3.3 Unarmed Combat
 - Level 2.0 Spellcasting
 + Level 2.4 Transmutations


You had 4 spell levels left.
You knew the following spells:

 Your Spells              Type           Power      Damage    Failure   Level
a - Beastly Appendage     Tmut           14%        N/A       10%         1

Your spell library contained the following spells:

 Spells                   Type           Power      Damage    Failure   Level
 Wereblood                Tmut           7%         N/A       14%         2
 Blink                    Tloc           2%         N/A       36%         2
 Lesser Beckoning         Tloc           2%         N/A       36%         2
 Momentum Strike          Conj/Tloc      2%         3d8       36%         2
 Spider Form              Tmut/Pois      4%         N/A       43%         3
 Ice Form                 Ice/Tmut       4%         N/A       83%         4
 Manifold Assault         Tloc           1%         N/A       94%         4
 Storm Form               Tmut/Air       2%         N/A       100%        7


Dungeon Overview and Level Annotations

Branches:
Dungeon (2/15)

Altars:

Annotations:
D:2 Terence


Innate Abilities, Weirdness & Mutations

You have temporarily grown beastly horns and talons.
Your plain brown scales are hard. (AC +4)
You cannot fit into any form of body armour.
You are cold-blooded and may be slowed by cold attacks.


Message History

Casting: Beastly Appendage (safe; 10% risk of failure)
Confirm with . or Enter, or press ? or * to list all spells.
You miscast Beastly Appendage.
You are very lightly contaminated with residual magic.
Nothing appears to happen.
You now have 4/5 mp.
The giant cockroach barely misses you.
The giant cockroach bites you but does no damage.
You closely miss the giant cockroach. The giant cockroach barely misses you.
You closely miss the giant cockroach.
Your tail-slap misses the giant cockroach.
The giant cockroach closely misses you.
You closely miss the giant cockroach. The giant cockroach closely misses you.
You closely miss the giant cockroach.
The giant cockroach bites you but does no damage.
You closely miss the giant cockroach. The giant cockroach closely misses you.
You hit the giant cockroach but do no damage.
You tail-slap the giant cockroach, but do no damage.
The giant cockroach barely misses you.
Your magical contamination has completely faded away.
You hit the giant cockroach. The giant cockroach closely misses you.
You hit the giant cockroach.
No target in view!
A ball python comes into view.
The ball python hisses angrily.
A quokka comes into view.
MP restored: 5
There are monsters nearby!
There are monsters nearby!
Casting: Beastly Appendage (safe; 10% risk of failure)
Confirm with . or Enter, or press ? or * to list all spells.
You grow a pair of large bovine horns.
Your feet morph into talons.
You now have 4/5 mp.
Found an escape hatch in the floor.
Your transformation is almost over.
The ball python bites you but does no damage.
The ball python closely misses you.
You miss the quokka. You claw the quokka, but do no damage.
The ball python misses you. The ball python barely misses you.
The quokka bites you.
You take 3 damage, and have 20/23 hp.
You hit the quokka.
Your tail-slap misses the quokka.
The ball python bites you but does no damage.
The ball python closely misses you. The quokka misses you.
You closely miss the quokka. You headbutt the quokka.
The ball python bites you but does no damage.
The ball python closely misses you.
You hit the ball python.
You claw the ball python, but do no damage.
You tail-slap the ball python.
No target in view!
Your horns disappear.
Your talons disappear.
HP restored.
Terence the Incautious comes into view.
He is wielding a +0 flail.
Terence shouts!
Health restored: 23; MP restored: 5 Terence is nearby!
Terence is nearby!
Casting: Beastly Appendage (safe; 10% risk of failure)
Confirm with . or Enter, or press ? or * to list all spells.
You grow a pair of large bovine horns.
Your feet morph into talons.
Terence closely misses you.
An endoplasm comes into view.
You now have 4/5 mp.
The endoplasm quivers.
You hit Terence but do no damage. You claw Terence, but do no damage.
You punch Terence. Terence hits you with a +0 flail.
You take 4 damage, and have 19/23 hp.
You hit Terence.
You tail-slap Terence, but do no damage.
Terence barely misses you.
You barely miss Terence. Your headbutt misses Terence.
Terence hits you with a +0 flail.
You take 5 damage, and have 14/23 hp.
MASSIVE DAMAGE!!
You hit Terence. Your headbutt misses Terence. You tail-slap Terence.
Terence hits you but does no damage.
You closely miss Terence. Your kick misses Terence.
Your transformation is almost over.
Terence hits you with a +0 flail.
You take 1 damage, and have 13/23 hp.
You hit Terence but do no damage.
You tail-slap Terence, but do no damage.
Terence hits you with a +0 flail!
* * * LOW HITPOINT WARNING * * *
You take 8 damage, and have 5/23 hp.
MASSIVE DAMAGE!!
You hit Terence. Terence closely misses you.
You hit Terence but do no damage. Terence misses you.
You hit Terence. Your kick misses Terence. You headbutt Terence.
Terence hits you but does no damage.
You hit Terence but do no damage. You headbutt Terence, but do no damage.
You tail-slap Terence, but do no damage.
Terence hits you with a +0 flail.
* * * LOW HITPOINT WARNING * * *
You take 2 damage, and have 4/23 hp.
MP restored: 5 You closely miss Terence.
You claw Terence, but do no damage. You completely miss Terence.
Your kick misses Terence. Your headbutt misses Terence. You tail-slap Terence.
Terence hits you with a +0 flail.
You die...

..... ..# #....#...# .... ###
#######....#...### .....
#................# ..... ##
##..........#.#..# ....## ...
##......####.#..# ...^.. ## #..
#####...# #.#..# ....# .####..
##.......###.#..#
....###........#..#####...#.#..#
..........##..J@@## #.........#
...............### #.........#
..........##... #....†....#
###..<....##.. #####.#####
..........#### ####.#
.######.### ##...(# ..## .#
#######..##.# #..# .#
###.......###.# ##.#
#.######...########..#


You could see Terence and an endoplasm.

Vanquished Creatures
  A ball python (D:2)
  An endoplasm (D:1)
  A giant cockroach (D:2)
  4 goblins (D:1)
  2 hobgoblins (D:1)
  2 quokkas
  2 bats
  2 frilled lizards (D:1)
  3 rats
18 creatures vanquished.

Notes
Turn   | Place    | Note
-------+----------+-------------------------------------------
     0 | D:1      | IndexError the Draconian Transmuter began the quest for the
                  | Orb.
     0 | D:1      | Reached XP level 1. HP: 16/16 MP: 3/3
   480 | D:1      | Reached XP level 2. HP: 23/23 MP: 3/5
   816 | D:1      | Reached skill level 1 in Stealth
  1354 | D:2      | Noticed Terence
  1361 | D:2      | HP: 5/23 [Terence/+0 flail (8)]
  1367 | D:2      | Slain by Terence

Illustrated notes

Levels and vault maps discovered:
D:1:      tarquinn_simple_flora_water_a, layout_loops_corners
D:2:      layout_rooms, chequers_big_river, uniq_terence

Skill      XL: |  1  2 |
---------------+-------+-----
Stealth        | 1 |  1.1
Fighting       | |  1.1
Dodging        | |  1.7
Unarmed Combat | |  3.3
Spellcasting   | |  2.0
Transmutations | |  2.4

Action                     || total
---------------------------++-------
  Melee: Unarmed           ||    55
         Kick              ||    11
         Tailslap          ||    13
         Headbutt          ||     5
         Punch             ||     2
   Cast: Beastly Appendage ||    17
   Stab: Sleeping          ||     2
 Armour: Skin              ||    14
  Dodge: Dodged            ||    31

Levels and vault maps discovered:
D:1:      tarquinn_simple_flora_water_a, layout_loops_corners
D:2:      layout_rooms, chequers_big_river, uniq_terence

Table legend: (Time is in decaauts)
 A = Elapsed time spent in this place.
 B = Non-inter-level travel time spent in this place.
 C = Inter-level travel time spent in this place.
 D = Time resting spent in this place.
 E = Time spent auto-exploring this place.
 F = Levels seen in this place.
 G = Mean time per level.
                   A        B        C        D        E       F      G
               +--------+--------+--------+--------+--------+-----+--------+
         Total |   1365 |   1248 |    117 |      0 |   1093 |   2 |  682.5 |
       Dungeon |   1365 |   1248 |    117 |      0 |   1093 |   2 |  682.5 |
               +--------+--------+--------+--------+--------+-----+--------+

Top non-repeatable levels by time:
     D:1: 1023 daAuts
     D:2: 341 daAuts

Table legend:
 A = Kills in this place as a percentage of kills in the entire game.
 B = Kills by you in this place as a percentage of kills by you in the entire game.
 C = Kills by friends in this place as a percentage of kills by friends in the entire game.
 D = Other kills in this place as a percentage of other kills in the entire game.
 E = Experience gained in this place as a percentage of experience gained in the entire game.
 F = Experience gained in this place divided by the number of levels of this place that you have seen.
                   A       B       C       D       E      F
               +-------+-------+-------+-------+-------+----------------------
         Total | 100.0 | 100.0 |   N/A |   N/A | 100.0 |  14.5
       Dungeon | 100.0 | 100.0 |   N/A |   N/A | 100.0 |  14.5
               +-------+-------+-------+-------+-------+----------------------
